 Dungeon Crawl Stone Soup version 0.20-a0-681-gf83e07f (webtiles) character file.

30 Deathtrap2010 the Sneak (level 3, 0/24 HPs)
             Began as an Octopode Assassin on Feb 19, 2017.
             Slain by a jackal (2 damage)
             ... on level 3 of the Dungeon.
             The game lasted 00:03:03 (647 turns).

Deathtrap2010 the Sneak (Octopode Assassin)          Turns: 647, Time: 00:03:04

Health: 0/24       AC:  1    Str: 10    XL:     3   Next: 18%
Magic:  3/3        EV: 13    Int: 13    God:
Gold:   14         SH:  0    Dex: 14    Spells: 2/2 levels left

rFire    . . .     SeeInvis .   a - +2 dagger
rCold    . . .     Gourm    .   (no shield)
rNeg     . . .     Faith    .   (helmet restricted)
rPois    .         Spirit   .   (no amulet)
rElec    .         Reflect  .   (no ring)
rCorr    .         Harm     .   (no ring)
MR       .....                  (no ring)
Stlth    ++++......             (no ring)
Regen    0.1/turn               (no ring)
MPRegen  0.1/turn               (no ring)
                                (no ring)
                                (no ring)

@: no status effects
A: almost no armour, stealthy swim, amphibious, 8 rings, constrict 8, camouflage
1, gelatinous body 1
a: no special abilities


You were on level 3 of the Dungeon.
You were not hungry.

You visited 1 branch of the dungeon, and saw 3 of its levels.

You collected 14 gold pieces.

Inventory:

Hand Weapons
 a - a +2 dagger (weapon)
 b - a +0 blowgun
Missiles
 c - 8 poisoned needles
 d - 2 curare-tipped needles
Comestibles
 f - a bread ration
 g - a royal jelly


   Skills:
 * Level 2.1 Fighting
 * Level 2.4 Short Blades
 * Level 2.1 Throwing
 * Level 1.1 Dodging
 * Level 6.2 Stealth


You had 2 spell levels left.
You didn't know any spells.

Dungeon Overview and Level Annotations

Branches:
Dungeon (3/15)

Altars:

Annotations:
D:3 Sigmund


Innate Abilities, Weirdness & Mutations

You cannot wear most types of armour.
You are very stealthy in the water. (Stealth+)
You are amphibious.
You can wear up to eight rings at the same time.
You can use your tentacles to constrict eight enemies at once.
Your skin changes colour to match your surroundings (Stealth+).
Your rubbery body absorbs attacks. (AC +1, EV +1)


Message History

You kill the jackal!
The jackal barely misses you. x2
The jackal barks! x2; You hear a shout!
The jackal barely misses you. The jackal bites you.
* * * LOW HITPOINT WARNING * * *
You barely miss the jackal. Your grab misses the jackal. The jackal bites you.
* * * LOW HITPOINT WARNING * * *
The jackal completely misses you.
Sigmund the Dreaded comes into view.
He is wielding a scythe.
You hit the jackal. Your grab misses the jackal.
The jackal is moderately wounded.
The jackal bites you.
* * * LOW HITPOINT WARNING * * *
The jackal barely misses you. The jackal completely misses you.
The jackal barely misses you.
Unknown command.
You closely miss the jackal. You grab the jackal. You squeeze the jackal.
The jackal is moderately wounded.
You constrict the jackal. The jackal bites you.
You die...

..... .?.....
....?.. .......
.......########
.............#
.............#
#####........+
#h@h.....#
#..h...###
#......#
#......#
.......#
....#####
.@...# ......#


You could see Sigmund and 3 jackals.

Vanquished Creatures
  A dart slug (D:1)
  2 worms (D:2)
  A giant cockroach (D:1)
  2 goblins (D:1)
  3 hobgoblins
  A jackal (D:3)
  4 kobolds
  2 bats
  2 frilled lizards
  4 rats
22 creatures vanquished.

Notes
Turn   | Place    | Note
-------+----------+-------------------------------------------
     0 | D:1      | Deathtrap2010 the Octopode Assassin began the quest for the Orb.
     0 | D:1      | Reached XP level 1. HP: 14/14 MP: 1/1
   157 | D:1      | Reached XP level 2. HP: 15/19 MP: 2/2
   517 | D:2      | Reached skill level 6 in Stealth
   616 | D:2      | Reached XP level 3. HP: 8/24 MP: 3/3
   646 | D:3      | Noticed Sigmund
   647 | D:3      | Slain by a jackal

Vault maps used:
D:1:      grunt_arrival_crossed_arrows
D:2:      lemuel_zombie_altar_kikubaaqudgha, minmay_tall_x
D:3:      lemuel_doored_altar, makhleb_heckhound_becter, uniq_terence,
          uniq_sigmund, uniq_crazy_yiuf_cottage

Skill      XL: |  1  2 |
---------------+-------+-----
Stealth        | 6 |  6.2
Fighting       | |  2.1
Short Blades   | |  2.4
Throwing       | |  2.1
Dodging        | |  1.1

Action                   || total
-------------------------++-------
Melee: Dagger            ||    48
       Constrict         ||    12
       Tentacles         ||     7
  Use: Potion            ||     2
       Scroll            ||     1
 Stab: Sleeping          ||     4
Armor: Skin              ||     4
Dodge: Dodged            ||    40
